Map: 과거의 사원

Players

JamesRaider

  • Race: Terran Terran
  • Spawn Location: 0:00

제임스레이더

  • Race: Protoss Protoss
  • Spawn Location: 0:00

VOD

Have the link to the VOD?

Description

Time

  • Played on: April 5, 2019, 5:37 a.m.
  • Length: 26:28
Show
View Real Time Build Order
Export as new Build Order

JamesRaider Terran 

Build Orders:  

Get SALT Encoding   

  12  0:05  SCV  
Show
View Real Time Build Order
Export as new Build Order

제임스레이더 Protoss 

Build Orders:  

Get SALT Encoding   

  12  0:02  Probe (Chrono Boost)  
  13  0:16  Probe (Chrono Boost)  
  14  0:30  Probe (Chrono Boost)  
  15  0:44  Probe (Chrono Boost)  
  16  1:04  Zoraya Legion  
  16  1:44  Ancient Nexus  
  16  1:48  Probe (Chrono Boost)  
  17  2:02  Probe (Chrono Boost)  
  18  2:12  Xel'Naga Passageway  
  18  2:16  Probe (Chrono Boost)  
  19  2:30  Probe (Chrono Boost)  
  20  2:44  Probe (Chrono Boost)  
  21  2:58  Probe (Chrono Boost)  
  22  3:12  Probe (Chrono Boost)  
  22  3:13  Zoraya Legion  
  23  3:25  Probe (Chrono Boost)  
  23  3:27  Core Forge  
  24  3:41  Probe x2 (Chrono Boost)  
  26  3:56  Probe x2 (Chrono Boost)  
  26  4:10  Probe x2 (Chrono Boost)  
  30  4:23  Probe (Chrono Boost)  
  30  4:24  Probe (Chrono Boost)  
  32  4:32  Constructs Facility  
  32  4:37  Probe (Chrono Boost), Xel'Naga Ambusher  
  34  4:40  Probe (Chrono Boost)  
  36  4:51  Probe (Chrono Boost)  
  36  4:57  Probe (Chrono Boost)  
  38  5:07  Xel'Naga Ambusher  
  38  5:19  Zoraya Legion  
  40  5:44  Xel'Naga Void Array x2  
  40  5:48  Constructs Bay  
  41  6:10  Xel'Naga Void Array x2  
  42  6:33  Xel'Naga Ambusher  
  42  6:35  Xel'Naga Void Array x2  
  45  6:50  Xel'Naga Ambusher  
  47  7:03  Xel'Naga Passageway  
  47  7:10  Xel'Naga Ambusher  
  49  7:32  Xel'Naga Ambusher  
  51  7:45  Xel'Naga Passageway  
  51  7:49  Xel'Naga Shieldguard  
  50  8:04  Xel'Naga Ambusher  
  50  8:05  Xel'Naga Void Array  
  50  8:10  Xel'Naga Ambusher  
  52  8:22  Xel'Naga Shieldguard  
  53  8:31  Xel'Naga Ambusher  
  53  8:36  Xel'Naga Ambusher  
  57  8:56  Xel'Naga Void Array  
  57  9:09  Xel'Naga Shieldguard  
  57  9:11  Xel'Naga Ambusher  
  57  9:12  Xel'Naga Ambusher  
  60  9:35  Xel'Naga Ambusher x2  
  62  9:46  Xel'Naga Ambusher  
  62  9:58  Xel'Naga Shieldguard  
  62  9:59  Xel'Naga Shieldguard  
  66  10:14  Zoraya Legion  
  64  10:39  Xel'Naga Ambusher  
  66  10:49  Xel'Naga Ambusher  
  68  10:55  Xel'Naga Shieldguard  
  69  11:19  Xel'Naga Ambusher x2  
  73  11:27  Xel'Naga Ambusher  
  73  11:47  Xel'Naga Ambusher  
  73  11:48  Xel'Naga Void Array  
  75  12:17  Zoraya Legion  
  75  12:23  Xel'Naga Ambusher  
  77  12:30  Xel'Naga Shieldguard  
  77  12:33  Xel'Naga Shieldguard  
  79  12:44  Xel'Naga Ambusher  
  81  12:53  Xel'Naga Shieldguard  
  81  12:56  Xel'Naga Shieldguard  
  81  13:15  Xel'Naga Ambusher  
  83  13:25  Xel'Naga Void Array  
  83  13:32  Xel'Naga Void Array  
  83  13:41  Xel'Naga Ambusher  
  83  13:42  Xel'Naga Ambusher  
  87  13:52  Xel'Naga Ambusher  
  89  14:02  Xel'Naga Shieldguard  
  90  14:26  Xel'Naga Ambusher  
  90  14:29  Xel'Naga Ambusher  
  94  14:34  Xel'Naga Watcher  
  94  14:42  Xel'Naga Ambusher  
  94  14:46  Xel'Naga Watcher  
  96  14:56  Xel'Naga Ambusher  
  98  15:18  Xel'Naga Ambusher  
  100  15:23  Tesseract Cannon  
  100  15:28  Xel'Naga Void Array  
  100  16:01  Xel'Naga Void Array  
  100  16:07  Tesseract Cannon  
  100  16:09  Tesseract Cannon  
  100  16:12  Tesseract Cannon  
  100  16:14  Tesseract Cannon  
  100  16:46  Tesseract Cannon  
  100  16:48  Tesseract Cannon  
  100  17:00  Tesseract Cannon  
  100  17:25  Tesseract Cannon  
  100  17:27  Tesseract Cannon  
  100  17:29  Tesseract Cannon  
  100  17:52  Tesseract Cannon  
  100  17:55  Tesseract Cannon  
  100  18:10  Xel'Naga Void Array  
  100  18:15  Zoraya Legion  
  100  18:29  Xel'Naga Ambusher  
  100  18:58  Tesseract Cannon  
  100  19:00  Tesseract Cannon  
  100  19:03  Tesseract Cannon  
  100  19:28  Xel'Naga Ambusher  
  100  19:49  Tesseract Cannon  
  100  19:52  Tesseract Cannon x2  
  100  20:24  Xel'Naga Void Array  
  100  20:34  Xel'Naga Ambusher  
  100  20:58  Tesseract Cannon  
  100  20:59  Tesseract Cannon  
  96  21:01  Tesseract Cannon  
  96  21:04  Tesseract Cannon  
  96  21:22  Xel'Naga Void Array  
  96  21:33  Tesseract Cannon  
  96  21:36  Tesseract Cannon x2  
  96  22:11  Tesseract Cannon  
  96  22:13  Tesseract Cannon  
  96  22:16  Tesseract Cannon  
  96  22:23  Tesseract Cannon  
  96  22:37  Xel'Naga Ambusher  
  92  22:45  Xel'Naga Ambusher  
  91  22:58  Xel'Naga Ambusher  
  93  23:28  Xel'Naga Ambusher  
  93  23:32  Xel'Naga Shieldguard  
  93  23:37  Xel'Naga Ambusher  
  93  23:47  Zoraya Legion  
  69  24:36  Xel'Naga Ambusher  
  69  24:39  Xel'Naga Ambusher  
  73  24:40  Xel'Naga Ambusher  
  75  25:00  Xel'Naga Ambusher  
  75  25:04  Xel'Naga Ambusher  
  74  25:32  Xel'Naga Ambusher  
  74  25:36  Xel'Naga Ambusher  
Tags
 
Add a new tag
Caveats
  • Supply blocks, unpowered buildings, or Contaminate may cause inaccurate times.
  • Supply counts are checked every 10 seconds.